 Dungeon Crawl Stone Soup version 0.20.1-1-g8b1a95d (webtiles) character file.

1314 Minstaer the Fighter (level 8, -6/75 HPs)
             Began as a Minotaur Abyssal Knight on Nov 4, 2017.
             Was a Priest of Lugonu.
             Mangled by a troll (12 damage)
             ... on level 5 of the Dungeon.
             The game lasted 00:22:01 (4955 turns).

Minstaer the Fighter (Minotaur Abyssal Knight)      Turns: 4955, Time: 00:22:02

Health: -6/75      AC:  6    Str: 17    XL:     8   Next: 32%
Magic:  8/8        EV: 11    Int:  5    God:    Lugonu [***...]
Gold:   324        SH:  0    Dex: 22    Spells: 7/7 levels left

rFire    . . .     SeeInvis .   H - +2 rapier of the Onslaught {speed, Int-4 Dex+10} (curse)
rCold    . . .     Gourm    .   (no shield)
rNeg     . . .     Faith    .   n - +0 ring mail
rPois    .         Spirit   .   (helmet restricted)
rElec    .         Reflect  .   I - +0 cloak
rCorr    .         Harm     .   (no gloves)
MR       .....                  (no boots)
Stlth    +.........             (no amulet)
Regen    0.3/turn               (no ring)
MPRegen  0.2/turn               (no ring)

@: no status effects
A: retaliatory headbutt, horns 2
a: Depart the Abyss, Bend Space, Banish, Renounce Religion


You were on level 5 of the Dungeon.
You worshipped Lugonu.
Lugonu was most pleased with you.
You were not hungry.

You visited 1 branch of the dungeon, and saw 5 of its levels.
You visited the Abyss 1 time.

You collected 324 gold pieces.

Inventory:

Hand Weapons
 a - a +1 hand axe
 g - a cursed +0 hunting sling
 s - a +0 hand axe of draining
 H - the cursed +2 rapier of the Onslaught (weapon) {speed, Int-4 Dex+10}
   (You found it on level 4 of the Dungeon)

   Attacks with this weapon are significantly faster.
   It affects your intelligence (-4).
   It affects your dexterity (+10).
   It has a curse placed upon it.
 L - a +1 dagger of chaos
 M - a +0 shortbow
 O - a cursed -3 war axe
Missiles
 d - 34 poisoned needles
 e - 19 bolts
 h - 105 stones (quivered)
 q - 130 arrows
 y - 4 tomahawks
 B - 91 sling bullets
 C - a throwing net
Armour
 n - a +0 ring mail (worn)
 I - a +0 cloak (worn)
 K - a +0 plate armour
Jewellery
 f - an uncursed ring of flight {unknown}
 p - an uncursed ring of protection from magic {unknown}
 r - an uncursed ring of magical power {unknown}
 v - an uncursed ring of positive energy {unknown}
 A - a +3 amulet of reflection {unknown}
Scrolls
 b - 4 scrolls of teleportation {unknown}
 j - 4 scrolls of identify {unknown}
 k - 2 scrolls of enchant armour {unknown}
 l - 3 scrolls of remove curse {unknown}
 u - 2 scrolls of magic mapping {unknown}
 w - 2 scrolls of fog {unknown}
 D - a scroll of immolation {unknown}
Potions
 i - 2 potions of heal wounds {unknown}
 m - 3 potions of flight {unknown}
 t - a potion of mutation {unknown}
 x - 2 potions of haste {unknown}
 z - a potion of degeneration {unknown}
 G - 2 potions of invisibility {unknown}
 J - a potion of berserk rage {unknown}
Comestibles
 c - 2 bread rations
 o - 3 meat rations
 E - 5 fruits
 F - 2 royal jellies
 N - a chunk of flesh


   Skills:
 + Level 8.7 Fighting
 * Level 5.3 Short Blades
 - Level 7.2 Axes
 - Level 2.4 Armour
 - Level 1.1 Dodging
 - Level 1.9 Invocations


You had 7 spell levels left.
You didn't know any spells.

Dungeon Overview and Level Annotations

Branches:
Dungeon (5/15)             Temple (0/1) D:4

Altars:
Makhleb
Vehumet
Xom


Innate Abilities, Weirdness & Mutations

You reflexively headbutt those who attack you in melee.
You have a pair of horns on your head.


Message History

You headbutt the troll, but do no damage.
The troll is heavily wounded.
You closely miss the troll.
The troll is heavily wounded.
The troll closely misses you. You furiously retaliate!
You headbutt the troll. The troll closely misses you.
The troll claws you but does no damage.
You puncture the troll! Your headbutt misses the troll.
The troll is almost dead.
The troll bites you! The troll claws you.
* * * LOW HITPOINT WARNING * * *
The troll claws you!
* * * LOW HITPOINT WARNING * * *
You hit the troll. Your headbutt misses the troll.
The troll is almost dead.
You barely miss the troll.
The troll is almost dead.
The troll bites you.
* * * LOW HITPOINT WARNING * * *
The troll claws you!
You die...

#..†.##########.
#.##.............
#.#...###.####..#
#......# .# ..#
#.#...## >### ..#
...##.## #.#.. ..
#.## #.# #.#.# .# .
#.# #.#.##.# ##.##
#...@T.#
######...#####.####
..................#
#####.......###.##.#
...#.........##.# .#
................. .#
#.#.........####. #
#.##........... ..
...........##### ##


You could see a troll.

Vanquished Creatures
  The ghost of soepske the Skirmisher, an amateur BaBe of Trog (D:4)
  An ice beast (D:5)
  2 centaurs (D:5)
  2 scorpions
  A jelly (D:5)
  A howler monkey (D:5)
  A bullfrog zombie (D:5)
  3 crimson imps (D:5)
  A centaur zombie (D:5)
  2 orc priests
  2 orc wizards (D:4)
  2 iguanas
  4 worker ants
  A worker ant zombie (D:4)
  12 adders
  8 gnolls
  A shadow imp (D:4)
  2 oozes
  4 worms
  3 dart slugs
  6 leopard geckos
  12 orcs
  A giant cockroach (D:2)
  5 goblins
  7 hobgoblins
  4 jackals
  10 kobolds
  2 quokkas
  A ball python skeleton (D:4)
  7 bats
  5 frilled lizards
  5 rats
119 creatures vanquished.

Notes
Turn   | Place    | Note
-------+----------+-------------------------------------------
     0 | Abyss:1  | Minstaer the Minotaur Abyssal Knight began the quest for the Orb.
     0 | Abyss:1  | Reached XP level 1. HP: 19/19 MP: 1/1
    29 | Abyss:1  | Noticed a spatial maelstrom
    30 | D:1      | Escaped the Abyss
   165 | D:1      | Reached XP level 2. HP: 27/27 MP: 2/2
   241 | D:1      | Reached * piety under Lugonu
   252 | D:1      | Reached skill level 4 in Fighting
   542 | D:1      | Reached XP level 3. HP: 23/33 MP: 3/3
   658 | D:2      | Found a radiant altar of Vehumet.
  1012 | D:2      | Reached ** piety under Lugonu
  1227 | D:2      | Reached XP level 4. HP: 38/41 MP: 4/4
  1255 | D:2      | Reached skill level 5 in Fighting
  1706 | D:3      | Reached XP level 5. HP: 32/48 MP: 5/5
  1718 | D:3      | Reached skill level 5 in Axes
  2314 | D:4      | Noticed soepske's ghost (amateur BaBe)
  2706 | D:3      | Reached *** piety under Lugonu
  2706 | D:3      | Reached skill level 6 in Fighting
  2806 | D:4      | Reached XP level 6. HP: 49/57 MP: 6/6
  3117 | D:4      | Found a burning altar of Makhleb.
  3245 | D:4      | Killed soepske's ghost
  3245 | D:4      | Reached skill level 7 in Fighting
  3245 | D:4      | Reached XP level 7. HP: 29/66 MP: 7/7
  3549 | D:4      | Got a crude rapier
  3615 | D:4      | Identified the cursed +2 rapier of the Onslaught {speed, Int-4 Dex+10} (You found it on level 4 of the Dungeon)
  3746 | D:4      | Found a staircase to the Ecumenical Temple.
  4087 | D:4      | Reached skill level 1 in Short Blades
  4097 | D:5      | Entered Level 5 of the Dungeon
  4309 | D:5      | Reached skill level 8 in Fighting
  4499 | D:5      | Reached XP level 8. HP: 74/74 MP: 8/8
  4570 | D:5      | Found a shimmering altar of Xom.
  4833 | D:5      | Reached skill level 5 in Short Blades
  4945 | D:5      | Noticed a troll
  4955 | D:5      | Mangled by a troll

Skill      XL: |  1  2  3  4  5  6  7  8 |
---------------+-------------------------+-----
Axes           | 3 4 5 6 7 |  7.2
Fighting       | 4 5 6 7 8 |  8.7
Short Blades   | 4 5 |  5.3
Armour         | |  2.4
Dodging        | |  1.1
Invocations    | |  1.9

Action                   |  1- 3 |  4- 6 |  7- 9 || total
-------------------------+-------+-------+-------++-------
Melee: Hand axe          |    75 |   162 |    27 ||   264
       Headbutt          |     8 |    28 |    27 ||    63
       Rapier            |       |       |    91 ||    91
Throw: Throwing net      |       |     2 |       ||     2
       Stone             |       |       |    42 ||    42
Invok: Depart the Abyss  |     1 |       |       ||     1
 Stab: Distracted        |       |     1 |       ||     1
  Eat: Chunk             |     1 |     6 |     6 ||    13
Armor: Leather armour    |    12 |       |       ||    12
       Ring mail         |     4 |    43 |    27 ||    74
Dodge: Dodged            |    52 |    67 |    54 ||   173
